 Dungeon Crawl Stone Soup version 0.30.0-19-g36f170ea60 (webtiles) character file.

Game seed: 1237834366497262463

66 Ijustatesigmund the Conjurer (level 4, 0/29 HPs)
             Began as an Octopode Conjurer on June 1, 2023.
             Slain by a jackal (1 damage)
             ... on level 2 of the Dungeon.
             The game lasted 00:03:16 (1717 turns).

Ijustatesigmund the Conjurer (Octopode Conjurer)    Turns: 1717, Time: 00:03:18

Health: 0/29       AC:  1    Str:  6    XL:     4   Next: 15%
Magic:  1/8        EV: 13    Int: 22    God:
Gold:   99         SH:  0    Dex: 10    Spells: 5/8 levels left

rFire   . . .        c - +0 spear
rCold   . . .        (no shield)
rNeg    . . .        (helmet restricted)
rPois   .            (no amulet)
rElec   .            m - ring of resist corrosion
rCorr   +            (no ring)
SInv    .            (no ring)
Will    .....        (no ring)
Stlth   +++          (no ring)
HPRegen 0.24/turn    (no ring)
MPRegen 0.11/turn    (no ring)
                     (no ring)

%: no passive effects
@: no status effects
A: almost no armour, amphibious, 8 rings, camouflage 1, gelatinous body 1,
(nimble swimmer 1), tentacles
a: no special abilities


You were on level 2 of the Dungeon.
You visited 1 branch of the dungeon, and saw 3 of its levels.

You collected 99 gold pieces.

Inventory:

Hand Weapons
 c - a +0 spear (weapon)
Jewellery
 m - a ring of resist corrosion (left tentacle)
Scrolls
 b - 3 scrolls of noise {unknown}
 d - 2 scrolls of immolation {unknown}
 g - a scroll of magic mapping {unknown}
 h - 2 scrolls of teleportation {unknown}
 j - a scroll of enchant weapon {unknown}
Potions
 a - a potion of magic
 e - a potion of heal wounds
 f - a potion of curing {unknown}
 i - a potion of mutation {unknown}
 k - a potion of berserk rage {unknown}
 l - a potion of flight {unknown}


   Skills:
 + Level 1.8 Fighting
 - Level 2.0 Dodging
 - Level 2.6 Stealth
 + Level 2.8 Spellcasting
 + Level 4.6 Conjurations


You had 5 spell levels left.
You knew the following spells:

 Your Spells              Type           Power      Damage    Failure   Level
a - Magic Dart            Conj           92%        1d7       1%          1
b - Searing Ray           Conj           46%        2d6       3%          2

Your spell library contained the following spells:

 Spells                   Type           Power      Damage    Failure   Level
 Dazzling Flash           Conj/Hex       26%        N/A       14%         3
 Fulminant Prism          Conj/Hex       6%         3d6       43%         4
 Iskenderun's Mystic Bla  Conj/Tloc      13%        2d5       43%         4


Dungeon Overview and Level Annotations

Branches:
Dungeon (3/15)

Altars:
Vehumet

Shops:
D:1 [[??

Annotations:
D:3 Natasha


Innate Abilities, Weirdness & Mutations

You cannot wear most types of armour.
You are amphibious.
You can wear up to eight rings at the same time.
Your skin changes colour to match your surroundings (Stealth+).
Your rubbery body absorbs attacks. (AC +1, EV +1)
((You are camouflaged when in or above water. (Stealth+)))
You have tentacles for arms and can constrict up to eight enemies at once.


Message History

* * * LOW HITPOINT WARNING * * *
The jackal bites you but does no damage.
The jackal bites you.
* * * LOW HITPOINT WARNING * * *
You are too injured to fight recklessly!
Unknown command.
The jackal bites you.
* * * LOW HITPOINT WARNING * * *
The jackal closely misses you.
Casting: Magic Dart (safe; 1% risk of failure)
Confirm with . or Enter, or press ? or * to list all spells.
Aiming: Searing Ray (safe; 3% risk of failure)
Press: ? - help, Shift-Dir - straight line, f/p - jackal
Aim: a jackal (moderately wounded, 72% to hit)
The searing ray hits the jackal.
You kill the jackal! (Press . to maintain the ray.) Unknown command.
The searing ray misses the jackal.
The jackal completely misses you. The jackal closely misses you. x2
The searing ray misses the jackal.
The jackal bites you but does no damage.
The jackal bites you.
* * * LOW HITPOINT WARNING * * *
The jackal bites you.
* * * LOW HITPOINT WARNING * * *
Unknown command.
You hit the jackal. Your grab misses the jackal. You squeeze the jackal.
You kill the jackal!
The jackal bites you.
* * * LOW HITPOINT WARNING * * *
Casting: Searing Ray (safe; 3% risk of failure)
Confirm with . or Enter, or press ? or * to list all spells.
Aiming: Searing Ray (safe; 3% risk of failure)
Press: ? - help, Shift-Dir - straight line, f - jackal
Aim: a jackal (72% to hit)
The searing ray misses the jackal. (Press . to maintain the ray.)
The jackal bites you.
You die...

#############
##...........#
##.(...######.#
#......#..P.#.#
#......#.PPP#.#
#......##P..#.#
#......###PP#.#
#......######.#
##.<...#@.###.#
#########.....>.h.....#
.......##..........####
######.##..........#
...# #.##....(.....#
...# #.............#
)..# ##.#.........##
####### ...#
#..#.#...)..## #.....#
...# #.##.##.#####
#.....#


You could see a jackal.

Vanquished Creatures
  2 adders (D:2)
  A dart slug (D:1)
  3 orcs (D:2)
  A ball python (D:2)
  A bat (D:1)
  4 endoplasms
  A giant cockroach (D:1)
  3 goblins
  2 hobgoblins
  6 jackals
  7 kobolds
  A quokka (D:2)
  2 frilled lizards (D:1)
  5 rats
39 creatures vanquished.

Notes
Turn   | Place    | Note
-------+----------+-------------------------------------------
     0 | D:1      | Ijustatesigmund the Octopode Conjurer began the quest for
                  | the Orb.
     0 | D:1      | Reached XP level 1. HP: 11/11 MP: 3/3
     9 | D:1      | Found Tasapn's Magic Scroll Boutique.
   113 | D:1      | Reached XP level 2. HP: 18/18 MP: 0/5
   170 | D:1      | Learned a level 2 spell: Searing Ray
   268 | D:1      | Found Zoallu's Magic Scroll Emporium.
   380 | D:1      | Reached skill level 1 in Fighting
   380 | D:1      | Found Gimid's Antique Armour Shop.
   408 | D:1      | Found Sorghig's Armour Emporium.
   764 | D:1      | Reached XP level 3. HP: 23/23 MP: 6/6
  1331 | D:2      | Found a radiant altar of Vehumet.
  1495 | D:2      | Found a faded altar of an unknown god.
  1657 | D:3      | Noticed Natasha
  1664 | D:2      | Reached XP level 4. HP: 20/29 MP: 6/8
  1716 | D:2      | HP: 1/29 [jackal (2)]
  1717 | D:2      | Slain by a jackal

Illustrated notes

Levels and vault maps discovered:
D:1:      nzn_arrival_water_spiral, layout_rooms, serial_shops,
          nicolae_shop_advertising_works [nicolae_subvault_shop_adworks],
          shop_scrolls, nicolae_shop_hallway_stairs, shop
D:2:      layout_rooms, ebering_ecumenical_altar_mist, basic_altar,
          serial_aquarium, aquarium_bridge_straight [aquarium_subvault_bridge,
          aquarium_subvault_window, aquarium_subvault_bridge,
          aquarium_subvault_window], aquarium_window_1, aquarium_window_corner,
          aquarium_view_2b, aquarium_balcony_3a
D:3:      cheibrodos_old_hovel, layout_basic, gammafunk_temple_overflow_arena,
          mainiacjoe_overflow_24_doors, mainiacjoe_overflow_cross_hatched,
          portal_sewer_entry_d, uniq_natasha, uniq_grinder, uniq_ijyb,
          uniq_robin

Skill      XL: |  1  2 |
---------------+-------+-----
Fighting       | 1 |  1.8
Dodging        | |  2.0
Stealth        | |  2.6
Spellcasting   | |  2.8
Conjurations   | |  4.6

Action                     |  1- 3 |  4- 6 || total
---------------------------+-------+-------++-------
  Melee: Spear             |    42 |     6 ||    48
         Tentacles         |     3 |     1 ||     4
         Unarmed           |     1 |       ||     1
         Constrict         |     8 |     2 ||    10
   Cast: Magic Dart        |    46 |     1 ||    47
         Searing Ray       |       |     3 ||     3
    Use: Potion            |       |     1 ||     1
   Stab: Sleeping          |     3 |       ||     3
 Armour: Skin              |     6 |     5 ||    11
  Dodge: Dodged            |    22 |    27 ||    49
